 Dungeon Crawl Stone Soup version 0.20-a0-940-g1ecfa5a (webtiles) character file.

21 JeffiDaFish the Stinger (level 2, 0/20 HPs)
             Began as a Draconian Venom Mage on Mar 31, 2017.
             Slain by a worm (3 damage)
             ... on level 1 of the Dungeon.
             The game lasted 00:02:43 (677 turns).

JeffiDaFish the Stinger (Draconian Venom Mage)       Turns: 677, Time: 00:02:43

Health: 0/20       AC:  4    Str: 10    XL:     2   Next: 65%
Magic:  5/5        EV:  9    Int: 15    God:
Gold:   32         SH:  7    Dex: 11    Spells: 4/5 levels left

rFire    . . .     SeeInvis .   e - +0 hand axe
rCold    . . .     Gourm    .   f - +0 shield
rNeg     . . .     Faith    .   (armour unavailable)
rPois    .         Spirit   .   (helmet restricted)
rElec    .         Reflect  .   (no cloak)
rCorr    .         Harm     .   (no gloves)
MR       .....                  (no boots)
Stlth    ++........             (no amulet)
Regen    0.1/turn               (no ring)
MPRegen  0.1/turn               (no ring)

@: no status effects
A: unfitting armour, cold-blooded, AC +4
a: no special abilities


You were on level 1 of the Dungeon.
You were not hungry.

You visited 1 branch of the dungeon, and saw 1 of its levels.

You collected 32 gold pieces.

Inventory:

Hand Weapons
 e - a +0 hand axe (weapon)
Missiles
 c - 7 tomahawks (quivered)
Armour
 f - a +0 shield (worn)
Scrolls
 g - 4 scrolls of identify
Books
 a - a Young Poisoner's Handbook

   Spells                             Type                      Level
   a - Sting                          Conjuration/Poison           1
   b - Poisonous Vapours              Poison/Air                   2
   c - Mephitic Cloud                 Conjuration/Poison/Air       3
   d - Olgreb's Toxic Radiance        Poison                       4
   e - Venom Bolt                     Conjuration/Poison           5
Comestibles
 b - 2 bread rations
 d - 6 chunks of flesh


   Skills:
 - Level 0.2 Fighting
 - Level 0.1 Throwing
 - Level 1.9 Dodging
 - Level 1.8 Stealth
 * Level 1.0 Shields
 + Level 2.3 Spellcasting
 + Level 1.0 Conjurations
 + Level 3.2 Poison Magic


You had 4 spell levels left.
You knew the following spells:

 Your Spells              Type           Power        Failure   Level  Hunger
a - Sting                 Conj/Pois      #...         63%         1    #......


Dungeon Overview and Level Annotations

Branches:
Dungeon (1/15)

Altars:


Innate Abilities, Weirdness & Mutations

Your plain brown scales are hard. (AC +4)
You cannot fit into any form of body armour.
You are cold-blooded and may be slowed by cold attacks.


Message History

The worm bites you but does no damage.
You barely miss the worm.
The worm is moderately wounded.
The worm bites you.
You completely miss the worm.
Your tail-slap misses the worm.
The worm is moderately wounded.
The worm bites you but does no damage.
You hit the worm but do no damage.
The worm is moderately wounded.
The worm bites you.
You hit the worm.
The worm is moderately wounded.
You hit the worm.
The worm is heavily wounded.
The worm bites you.
* * * LOW HITPOINT WARNING * * *
You completely miss the worm. You tail-slap the worm.
The worm is severely wounded.
The worm bites you.
You die...

..#.#.###.....##
..+.#.'.'........ .......
..#.#.###..##............#
..#.#.# #..# ###.........#
###.#.# #..# ........#
...##.# .... .....>..#
###.#.# .....# #........
...#..# .......###........
#####.# ....#.w@.........
......#.. .#######........
#######..#..# #........ #
#..##.# ####........ ####
#..##.###........... ...#
#>.##.##..##........
...####..##.##.###########
.........(.....#
...........(####


You could see a worm.

Vanquished Creatures
  A worm (D:1)
  2 dart slugs (D:1)
  A giant cockroach (D:1)
  3 goblins (D:1)
  2 hobgoblins (D:1)
  A bat (D:1)
  A frilled lizard (D:1)
  2 kobolds (D:1)
  A rat (D:1)
14 creatures vanquished.

Notes
Turn   | Place    | Note
-------+----------+-------------------------------------------
     0 | D:1      | JeffiDaFish the Draconian Venom Mage began the quest for the Orb.
     0 | D:1      | Reached XP level 1. HP: 14/14 MP: 3/3
   367 | D:1      | Reached XP level 2. HP: 15/20 MP: 1/5
   640 | D:1      | Reached skill level 1 in Shields
   677 | D:1      | Slain by a worm

Vault maps used:
D:1:      matt_arrival_los_fun

Skill      XL: |  1  2 |
---------------+-------+-----
Shields        | 1 |  1.0
Fighting       | |  0.2
Throwing       | |  0.1
Dodging        | |  1.9
Stealth        | |  1.8
Spellcasting   | |  2.3
Conjurations   | |  1.0
Poison Magic   | |  3.2

Action                   || total
-------------------------++-------
Melee: Unarmed           ||    11
       Tailslap          ||    11
       Hand axe          ||    56
Throw: Tomahawk          ||     7
 Cast: Sting             ||     4
  Use: Potion            ||     1
       Scroll            ||     1
 Stab: Sleeping          ||     1
Armor: Skin              ||    22
Dodge: Dodged            ||    29
Block: Shield            ||    11
